 Dungeon Crawl Stone Soup version 0.21.1-1-g345015fe64 (webtiles) character file.

1534 nrm the Cleaver (level 8, 0/73 HPs)
             Began as a Minotaur Berserker on May 29, 2018.
             Was a Priest of Trog.
             Slain by an orc warrior
             ... wielding a cursed +0 halberd
              (13 damage)
             ... on level 7 of the Dungeon.
             The game lasted 01:07:22 (5136 turns).

nrm the Cleaver (Minotaur Berserker)                Turns: 5136, Time: 01:07:23

Health: 0/73       AC: 13    Str: 23    XL:     8   Next: 55%
Magic:  7/7        EV: 10    Int:  5    God:    Trog [***...]
Gold:   339        SH:  0    Dex: 10    Spells: 7/7 levels left

rFire    . . .     SeeInvis .   u - +2 battleaxe
rCold    . . .     Gourm    .   (shield currently unavailable)
rNeg     . . .     Faith    .   m - +3 scale mail {rPois}
rPois    +         Spirit   .   (helmet restricted)
rElec    .         Reflect  .   (no cloak)
rCorr    .         Harm     .   o - +0 pair of gloves
MR       .....                  x - +0 pair of boots
Stlth    ..........             (no amulet)
HPRegen  0.22/turn              (no ring)
MPRegen  0.10/turn              (no ring)

@: berserk cooldown, slowed, very slow
A: retaliatory headbutt, horns 2
a: Berserk, Trog's Hand, Burn Spellbooks, Renounce Religion


You were on level 7 of the Dungeon.
You worshipped Trog.
Trog was most pleased with you.
You were not hungry.

You visited 2 branches of the dungeon, and saw 8 of its levels.

You collected 339 gold pieces.

Inventory:

Hand Weapons
 a - a +0 hand axe
 b - the +10 short sword "Racoas" {freeze, rF+ Int+4 Dex-2 Stlth+, unknown}
   (You found it on level 6 of the Dungeon)

   It has been specially enchanted to freeze those struck by it, causing extra
   injury to most foes and up to half again as much damage against particularly
   susceptible opponents.
   It can also slow down cold-blooded creatures.
   It affects your intelligence (+4).
   It affects your dexterity (-2).
   It protects you from fire.
   It makes you more stealthy.
 u - a +2 battleaxe (weapon)
 z - a cursed +3 dire flail of freezing
 A - a +1 falchion of protection
 D - a +0 war axe
Armour
 f - a +0 plate armour
 m - a +3 scale mail of poison resistance (worn)
 o - a +0 pair of gloves (worn)
 x - a +0 pair of boots (worn)
Wands
 B - a wand of random effects (31)
Scrolls
 d - 2 scrolls of fear
 e - 5 scrolls of remove curse
 g - a scroll of blinking
 l - 2 scrolls of teleportation
 s - a scroll of magic mapping
 v - a scroll of noise
 F - 2 scrolls of identify
Potions
 i - a potion of heal wounds
 j - 5 potions of curing
 k - 2 potions of degeneration {unknown}
 q - 2 potions of invisibility {unknown}
Comestibles
 c - 11 rations


   Skills:
 + Level 7.3 Fighting
 + Level 9.8 Axes
 + Level 6.9 Armour
 - Level 2.1 Dodging
 - Level 0.3 Stealth


You had 7 spell levels left.
You didn't know any spells.

Dungeon Overview and Level Annotations

Branches:
Dungeon (7/15)             Temple (1/1) D:4

Altars:
Dithmenos
Elyvilon
Gozag
Nemelex Xobeh
Okawaru
Trog
Uskayaw
Vehumet
Wu Jian
Yredelemnul
Zin


Innate Abilities, Weirdness & Mutations

You reflexively headbutt those who attack you in melee.
You have a pair of horns on your head.


Message History

You kill the jelly!
Trog accepts your kill.
The orc warrior hits you from afar with a halberd.
* * * LOW HITPOINT WARNING * * *
The orc warrior hits you from afar with a halberd!
* * * LOW HITPOINT WARNING * * *
You feel much better.
The orc warrior hits you but does no damage.
The orc warrior hits you with a halberd!
Items here: (( )))))) [[ †††††† You slash the orc warrior!
The orc warrior is moderately wounded.
The orc warrior hits you with a halberd.
* * * LOW HITPOINT WARNING * * *
The orc warrior hits you with a halberd.
* * * LOW HITPOINT WARNING * * *
You barely miss the orc warrior. Your headbutt misses the orc warrior.
The orc warrior is moderately wounded.
The orc warrior hits you with a halberd!
You die...

........K..
...<....#..##
.(.......#...
###.........#.
#..(#..#....
#..## ...#...
##.. .##...###
#>/ .##...(o#
.. ...... #@#
.$......# #(#
..##...# #(#
......###.###
#.........[#
#.......##.#
#..........#
#.......####
#..<....#


You could see an orc warrior.

Vanquished Creatures
  The ghost of Tali the Chopper, an amateur MiFi (D:4)
  Menkaure (D:5)
  A centaur (D:5)
  The ghost of Annil123 the Firebug, an amateur DrFE (D:3)
  A big kobold (D:7)
  A bullfrog (D:6)
  4 wights (D:6)
  2 crimson imps (D:6)
  3 jellies
  4 hounds
  A bullfrog skeleton (D:5)
  A centaur skeleton (D:6)
  2 iguanas
  An orc wizard (D:5)
  3 worker ants
  3 gnolls (D:6)
  11 adders
  A shadow imp (D:6)
  An ooze (D:3)
  2 dart slugs
  3 leopard geckos
  12 orcs
  A ball python (D:6)
  8 giant cockroaches
  5 goblins (D:2)
  6 hobgoblins
  4 jackals (D:5)
  12 kobolds
  3 quokkas
  9 bats
  A frilled lizard (D:3)
  A leopard gecko zombie (D:5)
  3 rats
113 creatures vanquished.

Notes
Turn   | Place    | Note
-------+----------+-------------------------------------------
     0 | D:1      | nrm the Minotaur Berserker began the quest for the Orb.
     0 | D:1      | Reached XP level 1. HP: 19/19 MP: 0/0
   218 | D:1      | Reached XP level 2. HP: 25/27 MP: 1/1
   711 | D:2      | Reached skill level 4 in Axes
   750 | D:2      | Reached XP level 3. HP: 11/34 MP: 2/2
  1240 | D:2      | Reached ** piety under Trog
  1703 | D:2      | Reached XP level 4. HP: 41/41 MP: 3/3
  1804 | D:2      | Reached skill level 5 in Axes
  1814 | D:2      | Found a bloodstained altar of Trog.
  1961 | D:3      | Noticed Annil123's ghost (amateur DrFE)
  1974 | D:3      | Killed Annil123's ghost
  1974 | D:3      | Reached skill level 5 in Fighting
  1974 | D:3      | Reached XP level 5. HP: 48/48 MP: 4/4
  2295 | D:3      | Reached skill level 6 in Axes
  2453 | D:3      | Found a basalt altar of Yredelemnul.
  2520 | D:4      | Reached XP level 6. HP: 45/56 MP: 5/5
  2522 | D:4      | Noticed Tali's ghost (amateur MiFi)
  2682 | D:4      | Killed Tali's ghost
  2682 | D:4      | Reached skill level 7 in Axes
  2813 | D:4      | Found a staircase to the Ecumenical Temple.
  2842 | Temple   | Entered the Ecumenical Temple
  2957 | D:4      | Reached XP level 7. HP: 61/62 MP: 6/6
  3065 | D:5      | Entered Level 5 of the Dungeon
  3394 | D:5      | Noticed Menkaure
  3402 | D:5      | Killed Menkaure
  3402 | D:5      | Reached skill level 8 in Axes
  3457 | D:5      | Found a shadowy altar of Dithmenos.
  3457 | D:5      | Found a radiant altar of Vehumet.
  3457 | D:5      | Found a glowing silver altar of Zin.
  3504 | D:5      | Reached skill level 5 in Armour
  3549 | D:5      | Found an opulent altar of Gozag.
  3676 | D:6      | Got an ebony short sword
  3887 | D:6      | Reached XP level 8. HP: 71/71 MP: 7/7
  3906 | D:6      | Reached skill level 9 in Axes
  4231 | D:6      | Reached *** piety under Trog
  4721 | D:6      | Found a white marble altar of Elyvilon.
  5136 | D:7      | Slain by an orc warrior

Skill      XL: |  1  2  3  4  5  6  7  8 |
---------------+-------------------------+-----
Fighting       | 4 5 6 7 |  7.3
Axes           | 4 5 6 7 8 9 |  9.8
Armour         | 3 4 5 6 |  6.9
Dodging        | |  2.1
Stealth        | |  0.3

Action                   |  1- 3 |  4- 6 |  7- 9 || total
-------------------------+-------+-------+-------++-------
Melee: Hand axe          |    70 |   106 |   148 ||   324
       Headbutt          |     7 |    17 |    28 ||    52
       Battleaxe         |       |       |    23 ||    23
Invok: Trog's Hand       |       |     2 |     1 ||     3
       Berserk           |       |     2 |     3 ||     5
  Use: Scroll            |     5 |     7 |     7 ||    19
       Potion            |     1 |       |     3 ||     4
  Eat: Chunk             |     2 |     5 |     2 ||     9
       Ration            |       |     1 |     2 ||     3
Armor: Animal skin       |    11 |       |       ||    11
       Ring mail         |       |    31 |       ||    31
       Scale mail        |       |     1 |    70 ||    71
Dodge: Dodged            |    51 |    57 |    79 ||   187
